[ AOE2 MATCH · #482895153 ]
UnrankedLithuanians vs Mongols
[ REPLAY ANALYSIS · EXTRACTED FROM THE RECORDED GAME ]
Feudal
10:31
Castle
14:52
Imperial
30:25
| APM avg | 42.4 |
| APM peak | 82 |
| eAPM avg | 22.0 |
| Villagers / military | 181 / 186 |
Focus
⚔️ 36.2% · 🌾 63.8%
Leitis ×154 · Scout Cavalry ×19 · Trebuchet (Packed) ×11 · Monk ×2
Feudal
9:05
Castle
40:27
Imperial
—
| APM avg | 13.8 |
| APM peak | 48 |
| eAPM avg | 7.9 |
| Villagers / military | 62 / 20 |
Focus
⚔️ 17.8% · 🌾 82.2%
Spearman ×11 · Skirmisher ×9 · Trade Cart ×2
Feudal
10:22
Castle
17:00
Imperial
42:46
| APM avg | 24.7 |
| APM peak | 69 |
| eAPM avg | 16.5 |
| Villagers / military | 122 / 25 |
Focus
⚔️ 17.1% · 🌾 82.9%
Scorpion ×9 · Camel Scout ×8 · Battering Ram ×5 · Mangudai ×3
Feudal
10:48
Castle
15:11
Imperial
39:36
| APM avg | 23.6 |
| APM peak | 57 |
| eAPM avg | 13.2 |
| Villagers / military | 94 / 66 |
Focus
⚔️ 26.7% · 🌾 73.3%
Ballista Elephant ×36 · Scout Cavalry ×9 · Spearman ×8 · Knight ×6 · Battle Elephant ×5 · Monk ×2
Feudal
13:02
Castle
22:22
Imperial
32:20
| APM avg | 21.7 |
| APM peak | 89 |
| eAPM avg | 9.5 |
| Villagers / military | 119 / 44 |
Focus
⚔️ 21.7% · 🌾 78.3%
Samurai ×21 · Skirmisher ×14 · Trebuchet (Packed) ×9 · Trade Cart ×4
Feudal
10:01
Castle
17:26
Imperial
37:50
| APM avg | 21.8 |
| APM peak | 53 |
| eAPM avg | 15.7 |
| Villagers / military | 112 / 175 |
Focus
⚔️ 28.6% · 🌾 71.4%
Knight ×69 · Spearman ×58 · Flemish Militia ×34 · Coustillier ×13 · Militia ×1
Feudal
12:56
Castle
18:04
Imperial
34:55
| APM avg | 17.8 |
| APM peak | 33 |
| eAPM avg | 12.8 |
| Villagers / military | 140 / 46 |
Focus
⚔️ 13.4% · 🌾 86.6%
Unknown (2550) ×51 · Kamayuk ×40 · Trade Cart ×10 · Trebuchet (Packed) ×4 · Skirmisher ×2
Feudal
10:38
Castle
22:15
Imperial
39:05
| APM avg | 16.0 |
| APM peak | 33 |
| eAPM avg | 8.8 |
| Villagers / military | 97 / 100 |
Focus
⚔️ 22.6% · 🌾 77.4%
Spearman ×84 · Knight ×12 · Trebuchet (Packed) ×4
Match map
Initial resources + every placement click. Lines = walls · curves = elevation contours. ◆ gold · ⬟ stone · ● berries · ✦ relic · ◌ wall gap
Your base· ✓ Closed at 14:52 · 5t walls · no gate
[TMDR]Lupo1901's base· ✓ Closed at 40:27 · 14t walls · 2 gate(s)
Ali's base· ✓ Closed at 17:00 · 3t walls · no gate
adHoc's base· ✓ Closed at 15:11 · 25t walls · 2 gate(s)
nvm_Rulez's base· ✓ Closed at 22:22 · 15t walls · 1 gate(s)
Bberko0's base· ✓ Closed at 17:26 · 7t walls · 1 gate(s)
hold up's base· ✓ Closed at 18:04 · 9t walls · 1 gate(s)
Call The DOCTOR's base· ✓ Closed at 22:15 · 16t walls · no gate
Smoothed initial terrain · ◌ = detected wall gap · hover for details
Inputs per minute
— Mate - - [TMDR]Lupo1901
Build order — Mate
First 150 of 492 actions detected
| 0:01 | Create | Villager (Male) ×5 |
| 0:01 | Create | Villager (Male) ×5 |
| 0:04 | Build | House |
| 0:07 | Build | House |
| 1:29 | Create | Villager (Male) |
| 1:30 | Create | Villager (Male) |
| 2:01 | Create | Villager (Male) |
| 2:02 | Create | Villager (Male) |
| 2:05 | Build | Lumber Camp |
| 2:14 | Create | Villager (Male) |
| 2:15 | Create | Villager (Male) |
| 2:49 | Create | Villager (Male) |
| 3:12 | Create | Villager (Male) |
| 3:12 | Create | Villager (Male) |
| 4:01 | Build | House |
| 4:24 | Build | House |
| 4:27 | Create | Villager (Male) |
| 4:28 | Create | Villager (Male) |
| 4:29 | Create | Villager (Male) |
| 4:29 | Create | Villager (Male) |
| 4:34 | Build | Mill |
| 4:43 | Build | House |
| 4:48 | Build | Palisade Wall |
| 4:54 | Create | Villager (Male) |
| 4:54 | Create | Villager (Male) |
| 6:19 | Build | Mining Camp |
| 6:20 | Create | Villager (Male) |
| 6:24 | Create | Villager (Male) |
| 6:25 | Create | Villager (Male) |
| 6:25 | Create | Villager (Male) |
| 6:36 | Build | Farm |
| 6:37 | Create | Villager (Male) |
| 6:38 | Create | Villager (Male) |
| 7:22 | Create | Villager (Male) |
| 7:28 | Create | Villager (Male) |
| 8:05 | Research | Feudal Age |
| 8:13 | Build | Mining Camp |
| 9:37 | Create | Villager (Male) |
| 10:31 | Age | Feudal Age |
| 10:35 | Build | Market |
| 10:57 | Create | Villager (Male) |
| 11:14 | Build | Blacksmith |
| 11:16 | Create | Villager (Male) |
| 11:37 | Create | Villager (Male) |
| 11:58 | Research | Castle Age |
| 12:10 | Build | Palisade Wall |
| 12:59 | Research | Double-Bit Axe |
| 12:59 | Research | Horse Collar |
| 14:12 | Create | Villager (Male) |
| 14:13 | Create | Villager (Male) |
| 14:22 | Build | House |
| 14:47 | Create | Villager (Male) |
| 14:52 | Age | Castle Age |
| 14:55 | Build | Outpost |
| 15:00 | Build | Town Center |
| 15:01 | Create | Villager (Male) |
| 15:22 | Build | Town Center |
| 15:43 | Research | Bow Saw |
| 15:43 | Research | Bow Saw |
| 15:43 | Research | Bow Saw |
| 16:04 | Build | Monastery |
| 16:29 | Build | Farm |
| 16:33 | Build | Farm |
| 16:36 | Build | Farm |
| 16:37 | Create | Villager (Male) |
| 16:39 | Create | Villager (Male) |
| 16:39 | Create | Villager (Male) |
| 16:39 | Create | Villager (Male) |
| 17:00 | Create | Monk |
| 17:02 | Create | Villager (Male) |
| 17:02 | Create | Villager (Male) |
| 17:03 | Create | Villager (Male) |
| 17:09 | Build | House |
| 17:10 | Create | Villager (Male) |
| 17:11 | Create | Villager (Male) |
| 17:18 | Build | Farm |
| 17:23 | Create | Villager (Male) |
| 17:23 | Create | Villager (Male) |
| 17:27 | Build | Farm |
| 17:36 | Build | Farm |
| 17:43 | Create | Villager (Male) |
| 17:44 | Create | Villager (Male) |
| 17:47 | Build | House |
| 18:02 | Create | Villager (Male) |
| 18:10 | Build | Farm |
| 18:12 | Create | Villager (Male) |
| 18:13 | Create | Villager (Male) |
| 18:15 | Build | Farm |
| 18:18 | Build | Farm |
| 18:21 | Build | Farm |
| 18:22 | Build | Farm |
| 18:28 | Create | Villager (Male) |
| 18:28 | Create | Villager (Male) |
| 18:29 | Create | Villager (Male) |
| 18:29 | Create | Villager (Male) |
| 18:32 | Build | House |
| 18:33 | Build | House |
| 18:50 | Create | Villager (Male) |
| 18:50 | Create | Villager (Male) |
| 18:57 | Build | Farm |
| 18:59 | Build | Farm |
| 19:00 | Create | Villager (Male) |
| 19:05 | Create | Villager (Male) |
| 19:06 | Create | Villager (Male) |
| 19:19 | Build | House |
| 19:20 | Create | Villager (Male) |
| 19:21 | Create | Villager (Male) |
| 19:23 | Build | Farm |
| 19:26 | Create | Monk |
| 19:42 | Create | Villager (Male) |
| 19:42 | Create | Villager (Male) |
| 19:42 | Create | Villager (Male) |
| 19:43 | Create | Villager (Male) |
| 19:58 | Build | Castle |
| 19:59 | Create | Villager (Male) |
| 20:02 | Build | House |
| 20:05 | Build | House |
| 20:06 | Build | House |
| 20:07 | Create | Villager (Male) |
| 20:07 | Create | Villager (Male) |
| 20:08 | Create | Villager (Male) |
| 20:08 | Create | Villager (Male) |
| 20:11 | Create | Villager (Male) |
| 20:11 | Create | Villager (Male) |
| 20:40 | Build | Farm |
| 20:41 | Build | Farm |
| 20:41 | Build | Farm |
| 20:41 | Build | Farm |
| 20:42 | Build | Farm |
| 20:43 | Create | Villager (Male) |
| 20:44 | Create | Villager (Male) |
| 20:44 | Create | Villager (Male) |
| 20:48 | Build | Farm |
| 20:50 | Build | Farm |
| 20:52 | Create | Villager (Male) |
| 20:53 | Create | Villager (Male) |
| 20:53 | Create | Villager (Male) |
| 20:53 | Create | Villager (Male) |
| 20:54 | Create | Villager (Male) |
| 21:02 | Create | Villager (Male) |
| 21:02 | Create | Villager (Male) |
| 21:03 | Create | Villager (Male) |
| 21:07 | Create | Villager (Male) |
| 21:07 | Create | Villager (Male) |
| 21:15 | Build | Town Center |
| 21:27 | Build | House |
| 21:58 | Create | Leitis |
| 21:59 | Create | Leitis |
| 21:59 | Create | Leitis |
| 22:06 | Research | Scale Barding Armor |
Build order — [TMDR]Lupo1901
148 actions detected in the replay
| 0:05 | Build | House |
| 0:17 | Create | Villager (Male) |
| 0:17 | Create | Villager (Male) |
| 0:17 | Create | Villager (Male) |
| 0:18 | Create | Villager (Male) |
| 0:18 | Create | Villager (Male) |
| 0:36 | Build | House |
| 0:49 | Build | House |
| 1:50 | Create | Villager (Male) |
| 1:51 | Create | Villager (Male) |
| 2:29 | Create | Villager (Male) |
| 2:29 | Create | Villager (Male) |
| 3:04 | Build | Lumber Camp |
| 3:27 | Create | Villager (Male) |
| 3:28 | Create | Villager (Male) |
| 5:07 | Build | Mill |
| 7:01 | Research | Feudal Age |
| 8:21 | Build | Mining Camp |
| 8:31 | Build | Farm |
| 9:05 | Age | Feudal Age |
| 9:09 | Research | Wheelbarrow |
| 9:09 | Research | Town Watch |
| 9:20 | Build | Stone Wall |
| 9:25 | Build | Gate |
| 9:54 | Research | Double-Bit Axe |
| 10:36 | Research | Horse Collar |
| 11:29 | Build | House |
| 11:36 | Build | Market |
| 11:41 | Research | Gold Mining |
| 11:49 | Create | Villager (Male) |
| 11:50 | Create | Villager (Male) |
| 12:05 | Build | Farm |
| 12:24 | Research | Gold Mining |
| 12:39 | Build | House |
| 12:41 | Build | House |
| 12:43 | Build | House |
| 12:59 | Create | Villager (Male) |
| 12:59 | Create | Villager (Male) |
| 13:56 | Create | Villager (Male) |
| 13:56 | Create | Villager (Male) |
| 14:10 | Create | Trade Cart |
| 14:29 | Create | Villager (Male) |
| 14:29 | Create | Villager (Male) |
| 14:52 | Build | Mining Camp |
| 15:23 | Create | Villager (Male) |
| 15:24 | Create | Villager (Male) |
| 15:26 | Create | Villager (Male) |
| 15:54 | Create | Villager (Male) |
| 15:58 | Create | Trade Cart |
| 16:08 | Build | Farm |
| 16:26 | Build | Farm |
| 16:32 | Create | Villager (Male) |
| 16:36 | Create | Villager (Male) |
| 16:54 | Create | Villager (Male) |
| 17:19 | Build | Blacksmith |
| 17:23 | Build | Farm |
| 17:50 | Build | Farm |
| 17:59 | Build | Farm |
| 19:06 | Build | Barracks |
| 19:11 | Build | Watch Tower |
| 19:37 | Build | Farm |
| 19:42 | Build | Watch Tower |
| 21:06 | Build | Gate |
| 21:26 | Create | Spearman |
| 21:26 | Create | Spearman |
| 21:26 | Create | Spearman |
| 21:26 | Create | Spearman |
| 21:27 | Create | Spearman |
| 21:37 | Build | Archery Range |
| 22:10 | Build | Farm |
| 22:14 | Build | Farm |
| 22:24 | Research | Arson |
| 22:51 | Create | Skirmisher |
| 22:52 | Create | Skirmisher |
| 22:59 | Build | House |
| 23:00 | Build | House |
| 23:01 | Build | House |
| 23:12 | Create | Spearman |
| 23:12 | Create | Spearman |
| 23:12 | Create | Spearman |
| 23:17 | Create | Skirmisher |
| 23:18 | Create | Skirmisher |
| 23:44 | Create | Skirmisher |
| 23:44 | Create | Skirmisher |
| 23:45 | Create | Skirmisher |
| 23:48 | Create | Spearman |
| 23:48 | Create | Spearman |
| 23:49 | Create | Spearman |
| 24:48 | Create | Skirmisher |
| 24:48 | Create | Skirmisher |
| 24:54 | Build | Stable |
| 25:53 | Build | Town Center |
| 27:58 | Research | Arson |
| 28:51 | Create | Villager (Male) |
| 28:51 | Create | Villager (Male) |
| 28:52 | Create | Villager (Male) |
| 28:52 | Create | Villager (Male) |
| 28:52 | Create | Villager (Male) |
| 28:53 | Create | Villager (Male) |
| 29:57 | Build | Gate |
| 31:33 | Create | Villager (Male) |
| 31:45 | Build | Mill |
| 32:28 | Build | Farm |
| 33:28 | Create | Villager (Male) |
| 33:28 | Create | Villager (Male) |
| 33:59 | Build | House |
| 34:33 | Build | Market |
| 34:46 | Create | Villager (Male) |
| 34:47 | Create | Villager (Male) |
| 34:47 | Create | Villager (Male) |
| 34:53 | Build | House |
| 35:44 | Build | Mill |
| 35:52 | Create | Villager (Male) |
| 35:52 | Create | Villager (Male) |
| 35:52 | Create | Villager (Male) |
| 36:11 | Build | Farm |
| 37:00 | Create | Villager (Male) |
| 37:00 | Create | Villager (Male) |
| 37:00 | Create | Villager (Male) |
| 38:01 | Research | Castle Age |
| 39:16 | Research | Stone Mining |
| 39:31 | Research | Forging |
| 40:27 | Age | Castle Age |
| 40:44 | Create | Villager (Male) |
| 40:44 | Create | Villager (Male) |
| 40:44 | Create | Villager (Male) |
| 40:45 | Create | Villager (Male) |
| 40:45 | Create | Villager (Male) |
| 40:46 | Create | Villager (Male) |
| 40:46 | Create | Villager (Male) |
| 41:31 | Build | Town Center |
| 42:45 | Build | Lumber Camp |
| 43:22 | Research | Bow Saw |
| 43:41 | Create | Villager (Male) |
| 43:42 | Create | Villager (Male) |
| 43:42 | Create | Villager (Male) |
| 43:42 | Create | Villager (Male) |
| 43:42 | Create | Villager (Male) |
| 43:46 | Build | Farm |
| 44:00 | Create | Villager (Male) |
| 44:00 | Create | Villager (Male) |
| 44:00 | Create | Villager (Male) |
| 44:11 | Build | Farm |
| 44:19 | Build | Farm |
| 44:25 | Build | Farm |
| 44:30 | Create | Villager (Male) |
| 44:30 | Create | Villager (Male) |
| 44:30 | Create | Villager (Male) |
Build order — Ali
First 150 of 270 actions detected
| 0:03 | Create | Villager (Male) |
| 0:03 | Create | Villager (Male) |
| 0:04 | Build | House |
| 0:06 | Build | House |
| 0:21 | Create | Villager (Male) |
| 0:32 | Create | Villager (Male) |
| 1:32 | Build | Lumber Camp |
| 1:35 | Create | Villager (Male) |
| 2:07 | Create | Villager (Male) |
| 2:11 | Create | Villager (Male) |
| 3:08 | Research | Loom |
| 3:09 | Create | Villager (Male) |
| 3:12 | Create | Villager (Male) |
| 3:27 | Create | Villager (Male) |
| 3:35 | Create | Villager (Male) |
| 3:52 | Create | Villager (Male) |
| 4:06 | Build | Mill |
| 4:11 | Build | House |
| 4:18 | Create | Villager (Male) |
| 4:42 | Create | Villager (Male) |
| 4:49 | Build | House |
| 4:55 | Build | House |
| 5:13 | Create | Villager (Male) |
| 5:28 | Build | House |
| 5:40 | Create | Villager (Male) |
| 5:49 | Build | Mill |
| 6:08 | Create | Villager (Male) |
| 6:27 | Build | House |
| 6:38 | Create | Villager (Male) |
| 6:57 | Create | Villager (Male) |
| 7:06 | Build | House |
| 7:10 | Build | Palisade Wall |
| 7:27 | Create | Villager (Male) |
| 7:54 | Build | Mining Camp |
| 8:01 | Research | Feudal Age |
| 8:09 | Build | House |
| 9:44 | Build | Barracks |
| 10:15 | Create | Villager (Male) |
| 10:22 | Age | Feudal Age |
| 10:30 | Research | Loom |
| 10:51 | Research | Double-Bit Axe |
| 11:00 | Create | Villager (Male) |
| 11:02 | Build | Blacksmith |
| 11:12 | Create | Villager (Male) |
| 11:41 | Create | Villager (Male) |
| 11:52 | Build | Farm |
| 12:00 | Create | Villager (Male) |
| 12:09 | Build | Blacksmith |
| 12:44 | Build | Farm |
| 13:28 | Create | Villager (Male) |
| 13:42 | Build | Market |
| 13:55 | Build | Farm |
| 14:08 | Build | Mining Camp |
| 14:20 | Research | Castle Age |
| 14:20 | Research | Castle Age |
| 14:46 | Research | Double-Bit Axe |
| 16:14 | Build | Farm |
| 16:47 | Create | Villager (Male) |
| 17:00 | Age | Castle Age |
| 17:03 | Build | Siege Workshop |
| 17:13 | Create | Villager (Male) |
| 17:31 | Create | Villager (Male) |
| 17:31 | Create | Villager (Male) |
| 17:40 | Create | Battering Ram |
| 17:44 | Build | Siege Workshop |
| 17:55 | Create | Villager (Male) |
| 18:04 | Create | Scorpion |
| 18:17 | Create | Villager (Male) |
| 18:20 | Create | Scorpion |
| 18:28 | Create | Scorpion |
| 18:53 | Create | Villager (Male) |
| 18:54 | Create | Villager (Male) |
| 19:07 | Create | Battering Ram |
| 19:13 | Create | Villager (Male) |
| 19:21 | Create | Battering Ram |
| 19:30 | Create | Scorpion |
| 19:56 | Create | Scorpion |
| 19:56 | Create | Battering Ram |
| 20:37 | Create | Scorpion |
| 20:39 | Create | Battering Ram |
| 20:46 | Create | Villager (Male) |
| 20:46 | Create | Villager (Male) |
| 21:14 | Create | Scorpion |
| 21:14 | Create | Scorpion |
| 21:16 | Create | Villager (Male) |
| 21:38 | Create | Scorpion |
| 21:42 | Build | House |
| 21:42 | Build | House |
| 21:42 | Build | House |
| 21:42 | Build | House |
| 21:42 | Build | House |
| 21:45 | Build | House |
| 21:45 | Build | House |
| 21:46 | Build | House |
| 21:46 | Build | House |
| 22:27 | Research | Wheelbarrow |
| 22:28 | Create | Villager (Male) |
| 22:34 | Build | Lumber Camp |
| 22:54 | Create | Villager (Male) |
| 22:55 | Create | Villager (Male) |
| 22:55 | Create | Villager (Male) |
| 22:55 | Create | Villager (Male) |
| 23:10 | Build | Town Center |
| 23:21 | Build | Farm |
| 23:24 | Build | Farm |
| 23:24 | Build | Farm |
| 24:14 | Build | Farm |
| 24:15 | Build | Farm |
| 24:17 | Research | Horse Collar |
| 24:25 | Create | Villager (Male) |
| 24:25 | Create | Villager (Male) |
| 24:25 | Create | Villager (Male) |
| 24:33 | Build | Farm |
| 24:33 | Build | Farm |
| 24:35 | Build | Farm |
| 24:36 | Build | Farm |
| 24:40 | Create | Villager (Male) |
| 24:40 | Create | Villager (Male) |
| 24:58 | Create | Villager (Male) |
| 25:01 | Build | Farm |
| 25:05 | Build | Farm |
| 25:06 | Build | Farm |
| 25:07 | Build | Farm |
| 25:37 | Create | Villager (Male) |
| 25:37 | Create | Villager (Male) |
| 25:38 | Create | Villager (Male) |
| 25:46 | Build | Lumber Camp |
| 25:50 | Build | Farm |
| 25:51 | Build | Farm |
| 25:52 | Build | Farm |
| 26:19 | Create | Villager (Male) |
| 26:20 | Create | Villager (Male) |
| 26:20 | Create | Villager (Male) |
| 26:23 | Build | Farm |
| 26:24 | Build | Farm |
| 26:25 | Build | Farm |
| 26:33 | Create | Villager (Male) |
| 26:36 | Create | Villager (Male) |
| 26:43 | Build | Farm |
| 26:43 | Build | Farm |
| 26:44 | Build | Farm |
| 26:52 | Create | Villager (Male) |
| 26:52 | Create | Villager (Male) |
| 27:16 | Build | Town Center |
| 27:23 | Create | Villager (Male) |
| 27:58 | Build | House |
| 27:59 | Build | House |
| 28:28 | Create | Villager (Male) |
| 28:28 | Create | Villager (Male) |
| 28:29 | Create | Villager (Male) |
Build order — adHoc
First 150 of 286 actions detected
| 0:02 | Build | House |
| 0:04 | Build | House |
| 0:05 | Create | Villager (Male) |
| 0:05 | Create | Villager (Male) |
| 0:05 | Create | Villager (Male) |
| 0:06 | Create | Villager (Male) |
| 1:33 | Create | Villager (Male) |
| 1:57 | Build | Lumber Camp |
| 2:22 | Create | Villager (Male) |
| 2:22 | Create | Villager (Male) |
| 2:58 | Create | Villager (Male) |
| 3:09 | Create | Villager (Male) |
| 3:14 | Build | House |
| 4:03 | Create | Villager (Male) |
| 4:20 | Create | Villager (Male) |
| 4:38 | Create | Villager (Male) |
| 4:44 | Create | Villager (Male) |
| 5:25 | Create | Villager (Male) |
| 5:29 | Build | House |
| 5:34 | Create | Villager (Male) |
| 5:45 | Create | Villager (Male) |
| 6:24 | Create | Villager (Male) |
| 6:30 | Build | Mill |
| 6:45 | Create | Villager (Male) |
| 7:17 | Create | Villager (Male) |
| 7:37 | Build | Palisade Wall |
| 7:43 | Create | Villager (Male) |
| 8:07 | Research | Feudal Age |
| 8:50 | Build | Palisade Gate |
| 9:02 | Create | Villager (Male) |
| 9:02 | Create | Villager (Male) |
| 9:25 | Build | House |
| 9:27 | Build | House |
| 10:38 | Create | Villager (Male) |
| 10:48 | Age | Feudal Age |
| 10:52 | Build | Market |
| 10:58 | Build | Blacksmith |
| 11:08 | Build | Stone Wall |
| 11:15 | Build | Stone Wall |
| 11:22 | Build | Gate |
| 11:27 | Create | Villager (Male) |
| 11:59 | Build | Mining Camp |
| 12:31 | Research | Castle Age |
| 12:32 | Research | Castle Age |
| 12:32 | Research | Castle Age |
| 13:26 | Build | House |
| 13:27 | Build | House |
| 13:57 | Build | Stone Wall |
| 14:03 | Build | Stone Wall |
| 14:11 | Build | Farm |
| 14:11 | Build | Farm |
| 14:11 | Build | Farm |
| 14:11 | Build | Farm |
| 14:12 | Build | Farm |
| 14:12 | Build | Farm |
| 14:15 | Build | Farm |
| 14:57 | Build | Stable |
| 15:11 | Age | Castle Age |
| 15:13 | Create | Villager (Male) |
| 15:14 | Create | Villager (Male) |
| 15:14 | Create | Villager (Male) |
| 15:49 | Build | Town Center |
| 16:06 | Build | Watch Tower |
| 16:13 | Research | Scale Barding Armor |
| 16:18 | Create | Scout Cavalry |
| 16:36 | Create | Villager (Male) |
| 16:36 | Create | Villager (Male) |
| 17:17 | Create | Villager (Male) |
| 17:18 | Create | Villager (Male) |
| 17:27 | Build | Farm |
| 17:27 | Build | Farm |
| 17:27 | Build | Farm |
| 17:30 | Create | Villager (Male) |
| 17:41 | Build | Stable |
| 17:59 | Create | Villager (Male) |
| 17:59 | Create | Villager (Male) |
| 18:08 | Create | Villager (Male) |
| 18:12 | Build | Farm |
| 18:17 | Build | Farm |
| 18:28 | Create | Villager (Male) |
| 18:28 | Create | Villager (Male) |
| 18:42 | Create | Villager (Male) |
| 18:58 | Build | Monastery |
| 19:00 | Create | Scout Cavalry |
| 19:01 | Create | Scout Cavalry |
| 19:04 | Create | Villager (Male) |
| 19:31 | Create | Villager (Male) |
| 19:33 | Create | Villager (Male) |
| 19:40 | Build | Farm |
| 19:40 | Build | Farm |
| 19:58 | Create | Villager (Male) |
| 19:59 | Create | Villager (Male) |
| 20:33 | Create | Scout Cavalry |
| 20:33 | Create | Scout Cavalry |
| 20:33 | Create | Scout Cavalry |
| 21:30 | Build | Castle |
| 21:33 | Build | Farm |
| 21:34 | Create | Villager (Male) |
| 21:34 | Create | Villager (Male) |
| 21:35 | Create | Villager (Male) |
| 21:35 | Create | Villager (Male) |
| 21:40 | Create | Scout Cavalry |
| 21:40 | Create | Scout Cavalry |
| 21:42 | Create | Scout Cavalry |
| 21:59 | Create | Villager (Male) |
| 22:08 | Build | House |
| 22:09 | Build | House |
| 22:10 | Build | House |
| 22:11 | Build | House |
| 22:12 | Build | House |
| 22:30 | Build | Stable |
| 22:31 | Build | Stable |
| 22:32 | Build | Stable |
| 22:42 | Create | Villager (Male) |
| 22:47 | Research | Husbandry |
| 22:49 | Create | Villager (Male) |
| 22:57 | Build | Mining Camp |
| 22:59 | Create | Villager (Male) |
| 23:32 | Build | Gate |
| 24:20 | Create | Knight |
| 24:20 | Create | Knight |
| 24:21 | Create | Knight |
| 24:42 | Build | Mining Camp |
| 24:45 | Create | Knight |
| 24:45 | Create | Knight |
| 24:46 | Create | Knight |
| 25:07 | Build | House |
| 25:08 | Build | House |
| 25:10 | Build | House |
| 25:11 | Build | House |
| 25:13 | Create | Villager (Male) |
| 25:14 | Create | Villager (Male) |
| 25:15 | Create | Villager (Male) |
| 25:15 | Create | Villager (Male) |
| 25:24 | Build | Farm |
| 25:25 | Build | Farm |
| 25:29 | Build | Farm |
| 25:32 | Build | Farm |
| 26:49 | Build | Stable |
| 26:50 | Build | Stable |
| 27:00 | Research | Bloodlines |
| 27:03 | Create | Villager (Male) |
| 27:03 | Create | Villager (Male) |
| 27:04 | Create | Villager (Male) |
| 27:04 | Create | Villager (Male) |
| 27:04 | Create | Villager (Male) |
| 27:24 | Build | Farm |
| 27:24 | Build | Farm |
| 27:24 | Build | Farm |
| 27:40 | Build | Farm |
Build order — nvm_Rulez
First 150 of 255 actions detected
| 0:03 | Build | House |
| 0:05 | Build | House |
| 0:20 | Create | Villager (Male) |
| 0:20 | Create | Villager (Male) |
| 0:21 | Create | Villager (Male) |
| 0:21 | Create | Villager (Male) |
| 0:21 | Create | Villager (Male) |
| 1:58 | Create | Villager (Male) |
| 1:59 | Create | Villager (Male) |
| 2:07 | Build | Lumber Camp |
| 2:34 | Create | Villager (Male) |
| 2:34 | Create | Villager (Male) |
| 2:34 | Create | Villager (Male) |
| 2:54 | Create | Villager (Male) |
| 2:54 | Create | Villager (Male) |
| 2:54 | Create | Villager (Male) |
| 3:26 | Create | Villager (Male) |
| 3:34 | Build | Mill |
| 4:02 | Create | Villager (Male) |
| 4:02 | Create | Villager (Male) |
| 4:24 | Create | Villager (Male) |
| 4:25 | Create | Villager (Male) |
| 4:37 | Create | Villager (Male) |
| 4:38 | Create | Villager (Male) |
| 5:07 | Create | Villager (Male) |
| 5:07 | Create | Villager (Male) |
| 5:07 | Create | Villager (Male) |
| 5:18 | Build | House |
| 5:24 | Build | House |
| 5:28 | Create | Villager (Male) |
| 6:01 | Create | Villager (Male) |
| 6:02 | Create | Villager (Male) |
| 6:02 | Create | Villager (Male) |
| 6:02 | Create | Villager (Male) |
| 6:38 | Build | House |
| 7:22 | Create | Villager (Male) |
| 7:23 | Create | Villager (Male) |
| 7:23 | Create | Villager (Male) |
| 7:23 | Create | Villager (Male) |
| 7:23 | Create | Villager (Male) |
| 7:35 | Build | Farm |
| 8:01 | Build | Farm |
| 8:27 | Build | Mining Camp |
| 8:30 | Create | Villager (Male) |
| 8:31 | Create | Villager (Male) |
| 8:31 | Create | Villager (Male) |
| 8:42 | Build | House |
| 8:48 | Build | Farm |
| 9:10 | Create | Villager (Male) |
| 9:15 | Build | Farm |
| 9:24 | Build | House |
| 9:25 | Build | House |
| 9:29 | Create | Villager (Male) |
| 9:37 | Build | Farm |
| 10:00 | Build | Lumber Camp |
| 10:07 | Create | Villager (Male) |
| 10:13 | Create | Villager (Male) |
| 10:44 | Create | Villager (Male) |
| 10:44 | Create | Villager (Male) |
| 10:52 | Research | Feudal Age |
| 10:57 | Build | Farm |
| 11:30 | Create | Villager (Male) |
| 11:31 | Create | Villager (Male) |
| 11:31 | Create | Villager (Male) |
| 11:31 | Create | Villager (Male) |
| 12:31 | Research | Loom |
| 12:44 | Create | Villager (Male) |
| 12:47 | Create | Villager (Male) |
| 12:47 | Create | Villager (Male) |
| 13:02 | Age | Feudal Age |
| 13:07 | Build | Farm |
| 13:14 | Create | Villager (Male) |
| 13:14 | Create | Villager (Male) |
| 13:32 | Build | Farm |
| 13:36 | Research | Double-Bit Axe |
| 13:39 | Research | Horse Collar |
| 13:49 | Create | Villager (Male) |
| 13:49 | Create | Villager (Male) |
| 13:57 | Build | Farm |
| 14:30 | Research | Wheelbarrow |
| 15:14 | Build | Stone Wall |
| 15:26 | Build | Blacksmith |
| 15:37 | Build | Farm |
| 16:06 | Build | Farm |
| 16:10 | Build | Farm |
| 16:23 | Create | Villager (Male) |
| 16:24 | Create | Villager (Male) |
| 16:24 | Create | Villager (Male) |
| 16:24 | Create | Villager (Male) |
| 16:24 | Create | Villager (Male) |
| 16:40 | Build | Farm |
| 16:42 | Build | Farm |
| 17:04 | Build | Farm |
| 17:12 | Build | House |
| 17:13 | Build | House |
| 17:14 | Build | House |
| 17:19 | Create | Villager (Male) |
| 17:20 | Create | Villager (Male) |
| 17:20 | Create | Villager (Male) |
| 17:27 | Build | Farm |
| 17:46 | Build | Market |
| 18:35 | Build | Gate |
| 19:16 | Build | Farm |
| 19:19 | Research | Castle Age |
| 19:30 | Build | Farm |
| 19:48 | Build | Mining Camp |
| 19:57 | Create | Villager (Male) |
| 19:57 | Create | Villager (Male) |
| 21:00 | Research | Stone Mining |
| 21:17 | Research | Gold Mining |
| 22:20 | Create | Villager (Male) |
| 22:20 | Create | Villager (Male) |
| 22:22 | Age | Castle Age |
| 22:27 | Research | Hand Cart |
| 22:37 | Build | Town Center |
| 22:58 | Build | Mining Camp |
| 23:03 | Create | Trade Cart |
| 23:28 | Create | Villager (Male) |
| 23:28 | Create | Villager (Male) |
| 23:40 | Build | Monastery |
| 23:49 | Research | Gold Shaft Mining |
| 23:53 | Research | Heavy Plow |
| 24:16 | Build | Lumber Camp |
| 24:39 | Create | Villager (Male) |
| 24:39 | Create | Villager (Male) |
| 25:04 | Create | Villager (Male) |
| 25:04 | Create | Villager (Male) |
| 25:13 | Research | Caravan |
| 25:14 | Create | Trade Cart |
| 25:17 | Create | Villager (Male) |
| 25:18 | Research | Town Watch |
| 25:30 | Create | Villager (Male) |
| 25:31 | Create | Villager (Male) |
| 25:31 | Create | Villager (Male) |
| 25:31 | Create | Villager (Male) |
| 25:31 | Create | Villager (Male) |
| 25:31 | Create | Villager (Male) |
| 25:32 | Create | Villager (Male) |
| 25:32 | Create | Villager (Male) |
| 25:39 | Build | House |
| 25:40 | Build | House |
| 25:42 | Build | House |
| 25:43 | Build | House |
| 26:01 | Create | Villager (Male) |
| 26:34 | Create | Villager (Male) |
| 26:34 | Create | Villager (Male) |
| 26:38 | Research | Bow Saw |
| 26:52 | Build | Farm |
| 26:56 | Build | Farm |
| 26:59 | Create | Villager (Male) |
Build order — Bberko0
First 150 of 404 actions detected
| 0:01 | Create | Villager (Male) |
| 0:01 | Create | Villager (Male) |
| 0:02 | Create | Villager (Male) |
| 0:03 | Build | House |
| 0:05 | Build | House |
| 0:29 | Create | Villager (Male) |
| 0:29 | Create | Villager (Male) |
| 1:24 | Create | Villager (Male) |
| 1:25 | Create | Villager (Male) |
| 1:48 | Build | Lumber Camp |
| 2:19 | Create | Villager (Male) |
| 2:19 | Create | Villager (Male) |
| 2:19 | Create | Villager (Male) |
| 2:47 | Create | Villager (Male) |
| 2:48 | Create | Villager (Male) |
| 3:09 | Create | Villager (Male) |
| 3:09 | Create | Villager (Male) |
| 3:55 | Create | Villager (Male) |
| 3:55 | Create | Villager (Male) |
| 4:06 | Build | House |
| 4:40 | Create | Villager (Male) |
| 4:40 | Create | Villager (Male) |
| 4:40 | Create | Villager (Male) |
| 5:31 | Create | Villager (Male) |
| 5:31 | Create | Villager (Male) |
| 5:31 | Create | Villager (Male) |
| 5:32 | Create | Villager (Male) |
| 5:32 | Create | Villager (Male) |
| 6:14 | Create | Villager (Male) |
| 6:15 | Create | Villager (Male) |
| 6:34 | Build | House |
| 7:12 | Build | Mill |
| 7:19 | Create | Villager (Male) |
| 7:30 | Build | House |
| 7:51 | Research | Feudal Age |
| 7:59 | Build | Mining Camp |
| 8:24 | Build | Palisade Wall |
| 8:29 | Build | Palisade Gate |
| 8:41 | Create | Villager (Male) |
| 9:17 | Create | Villager (Male) |
| 9:31 | Build | House |
| 10:01 | Age | Feudal Age |
| 10:25 | Build | Blacksmith |
| 10:55 | Create | Villager (Male) |
| 11:06 | Build | Market |
| 11:21 | Create | Villager (Male) |
| 11:31 | Build | Farm |
| 11:47 | Create | Villager (Male) |
| 11:51 | Build | Farm |
| 12:03 | Create | Villager (Male) |
| 12:31 | Create | Villager (Male) |
| 12:41 | Build | Farm |
| 13:06 | Build | Farm |
| 13:23 | Create | Villager (Male) |
| 13:47 | Create | Villager (Male) |
| 13:56 | Build | Farm |
| 14:12 | Build | Farm |
| 14:19 | Create | Villager (Male) |
| 14:46 | Research | Castle Age |
| 14:56 | Build | Farm |
| 15:03 | Build | Farm |
| 15:08 | Build | Farm |
| 15:11 | Build | Farm |
| 15:13 | Build | Farm |
| 15:16 | Research | Horse Collar |
| 15:22 | Research | Double-Bit Axe |
| 15:57 | Build | Farm |
| 16:00 | Research | Heavy Plow |
| 16:11 | Build | House |
| 16:21 | Build | House |
| 16:31 | Research | Bow Saw |
| 17:26 | Age | Castle Age |
| 17:35 | Build | Town Center |
| 17:41 | Build | Farm |
| 17:44 | Build | Farm |
| 17:47 | Build | Farm |
| 17:50 | Create | Villager (Male) |
| 17:51 | Create | Villager (Male) |
| 17:51 | Create | Villager (Male) |
| 17:51 | Create | Villager (Male) |
| 17:51 | Create | Villager (Male) |
| 17:52 | Create | Villager (Male) |
| 17:53 | Research | Wheelbarrow |
| 18:46 | Build | Town Center |
| 18:48 | Create | Villager (Male) |
| 18:51 | Create | Villager (Male) |
| 18:51 | Create | Villager (Male) |
| 18:51 | Create | Villager (Male) |
| 18:51 | Create | Villager (Male) |
| 18:54 | Build | Farm |
| 18:57 | Build | Farm |
| 19:00 | Build | Farm |
| 19:05 | Build | House |
| 19:22 | Build | House |
| 19:30 | Build | House |
| 19:31 | Build | House |
| 19:33 | Build | House |
| 19:39 | Create | Villager (Male) |
| 19:41 | Create | Villager (Male) |
| 19:42 | Create | Villager (Male) |
| 19:55 | Build | House |
| 20:18 | Build | Farm |
| 20:23 | Build | House |
| 20:25 | Build | House |
| 20:39 | Build | Barracks |
| 20:44 | Create | Villager (Male) |
| 20:44 | Create | Villager (Male) |
| 20:45 | Create | Villager (Male) |
| 20:45 | Create | Villager (Male) |
| 20:46 | Create | Villager (Male) |
| 20:49 | Build | Farm |
| 21:03 | Build | Farm |
| 21:08 | Create | Villager (Male) |
| 21:08 | Create | Villager (Male) |
| 21:10 | Create | Villager (Male) |
| 21:10 | Create | Villager (Male) |
| 21:10 | Create | Villager (Male) |
| 21:23 | Research | Stone Mining |
| 21:32 | Build | House |
| 21:34 | Build | House |
| 21:42 | Build | Farm |
| 21:46 | Build | Farm |
| 21:51 | Build | Farm |
| 21:55 | Create | Villager (Male) |
| 21:55 | Create | Villager (Male) |
| 22:01 | Create | Villager (Male) |
| 22:01 | Create | Villager (Male) |
| 22:01 | Create | Villager (Male) |
| 22:02 | Create | Villager (Male) |
| 22:02 | Create | Villager (Male) |
| 22:02 | Create | Villager (Male) |
| 22:21 | Create | Militia |
| 22:52 | Build | Town Center |
| 23:05 | Create | Flemish Militia |
| 23:06 | Create | Flemish Militia |
| 23:06 | Create | Flemish Militia |
| 23:17 | Build | Farm |
| 23:21 | Build | House |
| 23:23 | Build | House |
| 23:25 | Create | Villager (Male) |
| 23:28 | Research | Hand Cart |
| 23:32 | Research | Crop Rotation |
| 23:42 | Build | Farm |
| 24:01 | Research | Forging |
| 24:05 | Build | Mining Camp |
| 24:18 | Create | Flemish Militia |
| 24:18 | Create | Flemish Militia |
| 24:35 | Create | Villager (Male) |
| 24:36 | Create | Villager (Male) |
| 24:36 | Create | Villager (Male) |
Build order — hold up
First 150 of 305 actions detected
| 0:10 | Create | Villager (Male) |
| 0:10 | Create | Villager (Male) |
| 0:10 | Create | Villager (Male) |
| 0:11 | Create | Villager (Male) |
| 0:18 | Build | House |
| 0:19 | Build | House |
| 2:01 | Build | Settlement |
| 2:09 | Research | Loom |
| 2:09 | Create | Villager (Male) |
| 2:10 | Create | Villager (Male) |
| 3:13 | Create | Villager (Male) |
| 3:14 | Create | Villager (Male) |
| 3:14 | Create | Villager (Male) |
| 3:26 | Create | Villager (Male) |
| 3:26 | Create | Villager (Male) |
| 4:18 | Create | Villager (Male) |
| 4:18 | Create | Villager (Male) |
| 4:18 | Create | Villager (Male) |
| 4:19 | Create | Villager (Male) |
| 5:12 | Create | Villager (Male) |
| 5:28 | Create | Villager (Male) |
| 5:35 | Create | Villager (Male) |
| 6:49 | Create | Villager (Male) |
| 6:49 | Create | Villager (Male) |
| 6:49 | Create | Villager (Male) |
| 6:49 | Create | Villager (Male) |
| 7:50 | Build | Settlement |
| 8:16 | Create | Villager (Male) |
| 8:59 | Build | Barracks |
| 9:06 | Create | Villager (Male) |
| 9:06 | Create | Villager (Male) |
| 9:06 | Create | Villager (Male) |
| 9:17 | Create | Villager (Male) |
| 9:42 | Build | Settlement |
| 10:29 | Research | Feudal Age |
| 11:32 | Create | Villager (Male) |
| 11:33 | Create | Villager (Male) |
| 12:56 | Age | Feudal Age |
| 13:10 | Build | Stone Wall |
| 13:14 | Build | Gate |
| 13:19 | Build | Stone Wall |
| 13:36 | Create | Villager (Male) |
| 14:04 | Build | Market |
| 14:07 | Build | Blacksmith |
| 14:12 | Create | Villager (Male) |
| 14:12 | Create | Villager (Male) |
| 14:56 | Research | Double-Bit Axe |
| 15:21 | Build | Farm |
| 15:24 | Research | Castle Age |
| 15:27 | Build | Farm |
| 16:07 | Build | Archery Range |
| 16:15 | Build | Archery Range |
| 17:37 | Build | Settlement |
| 18:04 | Age | Castle Age |
| 18:29 | Build | Town Center |
| 18:34 | Create | Villager (Male) |
| 18:34 | Create | Villager (Male) |
| 18:35 | Create | Villager (Male) |
| 18:35 | Create | Villager (Male) |
| 18:40 | Create | Villager (Male) |
| 18:44 | Research | Horse Collar |
| 18:49 | Research | Bow Saw |
| 19:01 | Build | Farm |
| 19:09 | Build | Farm |
| 19:20 | Research | Gold Mining |
| 19:58 | Build | Farm |
| 20:01 | Build | Farm |
| 20:10 | Research | Wheelbarrow |
| 20:11 | Create | Villager (Male) |
| 20:11 | Create | Villager (Male) |
| 20:11 | Create | Villager (Male) |
| 20:29 | Research | Elite Skirmisher (upgrade) |
| 21:16 | Build | Farm |
| 21:19 | Build | Farm |
| 21:26 | Create | Villager (Male) |
| 21:26 | Create | Villager (Male) |
| 21:28 | Create | Villager (Male) |
| 21:28 | Create | Villager (Male) |
| 21:28 | Create | Villager (Male) |
| 21:29 | Create | Villager (Male) |
| 21:40 | Create | Skirmisher |
| 21:41 | Create | Skirmisher |
| 22:32 | Build | Farm |
| 22:34 | Build | Farm |
| 22:39 | Create | Villager (Male) |
| 22:39 | Create | Villager (Male) |
| 22:39 | Create | Villager (Male) |
| 22:39 | Create | Villager (Male) |
| 22:40 | Create | Villager (Male) |
| 22:46 | Create | Villager (Male) |
| 22:46 | Create | Villager (Male) |
| 23:52 | Build | Farm |
| 23:55 | Build | Farm |
| 24:06 | Build | Farm |
| 24:09 | Create | Villager (Male) |
| 24:09 | Create | Villager (Male) |
| 24:09 | Create | Villager (Male) |
| 24:10 | Create | Villager (Male) |
| 24:10 | Create | Villager (Male) |
| 24:15 | Create | Villager (Male) |
| 24:15 | Create | Villager (Male) |
| 24:15 | Create | Villager (Male) |
| 24:16 | Create | Villager (Male) |
| 24:16 | Create | Villager (Male) |
| 24:18 | Build | Farm |
| 24:31 | Build | Farm |
| 24:45 | Create | Villager (Male) |
| 24:47 | Build | Farm |
| 26:14 | Build | Farm |
| 26:17 | Build | Farm |
| 26:20 | Create | Villager (Male) |
| 26:20 | Create | Villager (Male) |
| 26:20 | Create | Villager (Male) |
| 26:20 | Create | Villager (Male) |
| 26:21 | Create | Villager (Male) |
| 26:29 | Build | Town Center |
| 26:42 | Build | Castle |
| 26:47 | Create | Villager (Male) |
| 26:47 | Create | Villager (Male) |
| 26:47 | Create | Villager (Male) |
| 26:48 | Create | Villager (Male) |
| 26:48 | Create | Villager (Male) |
| 26:48 | Create | Villager (Male) |
| 26:48 | Create | Villager (Male) |
| 27:33 | Build | Farm |
| 27:46 | Build | Farm |
| 27:48 | Build | Farm |
| 27:51 | Build | Farm |
| 27:57 | Research | Heavy Plow |
| 28:07 | Create | Villager (Male) |
| 28:07 | Create | Villager (Male) |
| 28:08 | Create | Villager (Male) |
| 28:08 | Create | Villager (Male) |
| 28:08 | Create | Villager (Male) |
| 28:14 | Create | Villager (Male) |
| 28:33 | Build | Monastery |
| 28:36 | Build | University |
| 28:55 | Build | Settlement |
| 29:00 | Build | Farm |
| 29:02 | Build | Farm |
| 29:07 | Create | Villager (Male) |
| 29:07 | Create | Villager (Male) |
| 29:08 | Create | Villager (Male) |
| 29:08 | Create | Villager (Male) |
| 29:13 | Build | Farm |
| 29:24 | Build | Farm |
| 29:27 | Build | Farm |
| 29:30 | Build | Farm |
| 29:45 | Build | Town Center |
| 30:02 | Build | Castle |
Build order — Call The DOCTOR
First 150 of 212 actions detected
| 0:15 | Build | House |
| 0:29 | Create | Villager (Male) ×4 |
| 0:29 | Create | Villager (Male) ×4 |
| 0:29 | Create | Villager (Male) ×4 |
| 1:56 | Create | Villager (Male) |
| 1:57 | Create | Villager (Male) |
| 2:10 | Build | House |
| 2:33 | Create | Villager (Male) |
| 3:02 | Create | Villager (Male) |
| 3:17 | Create | Villager (Male) ×2 |
| 3:17 | Create | Villager (Male) ×2 |
| 3:38 | Create | Villager (Male) |
| 3:53 | Build | Mill |
| 4:09 | Create | Villager (Male) |
| 4:09 | Create | Villager (Male) |
| 4:23 | Build | House |
| 4:25 | Build | House |
| 5:27 | Create | Villager (Male) |
| 5:27 | Create | Villager (Male) |
| 5:51 | Create | Villager (Male) |
| 6:00 | Build | House |
| 6:47 | Build | House |
| 7:33 | Build | Lumber Camp |
| 7:38 | Create | Villager (Male) |
| 7:38 | Create | Villager (Male) |
| 7:41 | Create | Villager (Male) |
| 7:41 | Create | Villager (Male) |
| 8:18 | Research | Feudal Age |
| 9:51 | Build | Farm |
| 10:01 | Build | Farm |
| 10:14 | Build | Farm |
| 10:15 | Build | Farm |
| 10:20 | Build | Farm |
| 10:38 | Build | Farm |
| 10:38 | Age | Feudal Age |
| 11:04 | Build | Stone Wall |
| 11:13 | Create | Villager (Male) |
| 11:13 | Create | Villager (Male) |
| 11:16 | Research | Horse Collar |
| 11:18 | Research | Double-Bit Axe |
| 11:43 | Build | Farm |
| 11:58 | Build | Farm |
| 12:06 | Create | Villager (Male) |
| 12:18 | Build | Farm |
| 12:36 | Build | Farm |
| 12:56 | Build | Farm |
| 13:02 | Build | Farm |
| 13:05 | Create | Villager (Male) |
| 13:05 | Create | Villager (Male) |
| 13:11 | Create | Villager (Male) |
| 13:11 | Create | Villager (Male) |
| 13:38 | Create | Villager (Male) |
| 13:38 | Create | Villager (Male) |
| 13:44 | Build | Farm |
| 13:46 | Create | Villager (Male) |
| 13:47 | Create | Villager (Male) |
| 14:03 | Create | Villager (Male) |
| 14:11 | Build | Mill |
| 14:27 | Build | Barracks |
| 14:41 | Build | Farm |
| 14:55 | Build | Farm |
| 15:25 | Build | Blacksmith |
| 15:32 | Create | Villager (Male) |
| 15:37 | Build | Farm |
| 15:51 | Build | Farm |
| 16:13 | Build | Farm |
| 16:40 | Build | Stable |
| 16:59 | Create | Villager (Male) |
| 16:59 | Create | Villager (Male) |
| 16:59 | Create | Villager (Male) |
| 17:14 | Create | Spearman |
| 17:26 | Build | Farm |
| 17:50 | Build | Market |
| 18:02 | Build | House |
| 18:03 | Build | House |
| 18:04 | Build | House |
| 18:06 | Build | House |
| 18:20 | Research | Wheelbarrow |
| 18:56 | Research | Castle Age |
| 19:14 | Build | Mining Camp |
| 19:30 | Build | Lumber Camp |
| 20:09 | Research | Forging |
| 21:38 | Research | Scale Barding Armor |
| 22:09 | Create | Spearman |
| 22:10 | Create | Spearman |
| 22:10 | Create | Spearman |
| 22:15 | Age | Castle Age |
| 22:16 | Research | Gold Mining |
| 22:25 | Build | Town Center |
| 22:29 | Create | Villager (Male) |
| 22:30 | Create | Villager (Male) |
| 22:31 | Create | Villager (Male) |
| 22:31 | Create | Villager (Male) |
| 22:32 | Create | Villager (Male) |
| 22:32 | Create | Villager (Male) |
| 22:32 | Create | Villager (Male) |
| 22:32 | Create | Villager (Male) |
| 22:50 | Build | House |
| 22:53 | Build | House |
| 22:54 | Build | House |
| 22:56 | Build | House |
| 22:58 | Build | House |
| 23:01 | Build | House |
| 23:07 | Create | Villager (Male) ×5 |
| 23:21 | Create | Villager (Male) ×5 |
| 23:28 | Create | Knight |
| 24:59 | Build | Gate |
| 25:08 | Research | Husbandry |
| 25:15 | Build | Stable |
| 25:21 | Create | Villager (Male) |
| 25:21 | Create | Villager (Male) |
| 25:24 | Create | Villager (Male) |
| 25:24 | Create | Villager (Male) |
| 25:25 | Create | Villager (Male) |
| 25:27 | Research | Bow Saw |
| 25:30 | Research | Heavy Plow |
| 25:42 | Research | Stone Mining |
| 25:48 | Research | Gold Shaft Mining |
| 26:11 | Create | Knight |
| 26:11 | Create | Knight |
| 27:25 | Build | House |
| 27:26 | Build | House |
| 27:26 | Build | House |
| 27:26 | Build | House |
| 27:27 | Build | House |
| 27:27 | Build | House |
| 27:27 | Build | House |
| 27:28 | Build | House |
| 27:28 | Build | House |
| 27:28 | Build | House |
| 27:29 | Build | House |
| 27:32 | Build | House |
| 27:49 | Build | Lumber Camp |
| 28:10 | Build | Barracks |
| 28:12 | Build | Barracks |
| 28:15 | Build | Barracks |
| 28:44 | Research | Hand Cart |
| 28:46 | Create | Villager (Male) |
| 28:46 | Create | Villager (Male) |
| 28:46 | Create | Villager (Male) |
| 28:47 | Create | Villager (Male) |
| 28:47 | Create | Villager (Male) |
| 28:47 | Create | Villager (Male) |
| 29:16 | Research | Squires |
| 29:24 | Research | Iron Casting |
| 31:21 | Create | Knight |
| 31:27 | Create | Villager (Male) ×5 |
| 31:30 | Research | Stone Shaft Mining |
| 32:24 | Build | Castle |
| 32:39 | Research | Pikeman (upgrade) |
Match timeline
| 4:48 | Mate · wall_segment Palisade Wall x5 |
| 7:10 | Ali · wall_segment Palisade Wall x3 |
| 7:37 | adHoc · wall_segment Palisade Wall x12 |
| 8:24 | Bberko0 · wall_segment Palisade Wall x7 |
| 8:59 | hold up · first_building Barracks |
| 9:05 | [TMDR]Lupo1901 · age_up feudal |
| 9:20 | [TMDR]Lupo1901 · wall_segment Stone Wall x14 |
| 9:44 | Ali · first_building Barracks |
| 10:01 | Bberko0 · age_up feudal |
| 10:22 | Ali · age_up feudal |
| 10:31 | Mate · age_up feudal |
| 10:38 | Call The DOCTOR · age_up feudal |
| 10:48 | adHoc · age_up feudal |
| 11:04 | Call The DOCTOR · wall_segment Stone Wall x16 |
| 11:08 | adHoc · wall_segment Stone Wall x8 |
| 11:15 | adHoc · wall_segment Stone Wall x6 |
| 12:08 | adHoc · first_market_sell 100 wood |
| 12:10 | Mate · wall_segment Palisade Wall x1 |
| 12:56 | hold up · age_up feudal |
| 13:02 | nvm_Rulez · age_up feudal |
| 13:10 | hold up · wall_segment Stone Wall x5 |
| 13:19 | hold up · wall_segment Stone Wall x4 |
| 13:57 | adHoc · wall_segment Stone Wall x1 |
| 14:03 | adHoc · wall_segment Stone Wall x1 |
| 14:27 | Call The DOCTOR · first_building Barracks |
| 14:52 | Mate · age_up castle |
| 14:57 | adHoc · first_building Stable |
| 15:11 | adHoc · age_up castle |
| 15:14 | nvm_Rulez · wall_segment Stone Wall x15 |
| 15:14 | Mate · first_market_buy 100 wood |
| 16:04 | Mate · first_building Monastery |
| 16:07 | hold up · first_building Archery Range |
| 16:40 | Call The DOCTOR · first_building Stable |
| 16:59 | Mate · first_market_sell 100 wood |
| 17:00 | Ali · age_up castle |
| 17:03 | Ali · first_building Siege Workshop |
| 17:26 | Bberko0 · age_up castle |
| 18:04 | hold up · age_up castle |
| 18:34 | Bberko0 · first_market_buy 100 wood |
| 18:54 | Call The DOCTOR · first_market_sell 100 food |
| 18:58 | adHoc · first_building Monastery |
| 19:06 | [TMDR]Lupo1901 · first_building Barracks |
| 19:18 | Ali · first_market_buy 100 wood |
| 19:58 | Mate · first_building Castle |
| 20:39 | Bberko0 · first_building Barracks |
| 21:30 | adHoc · first_building Castle |
| 21:33 | nvm_Rulez · first_market_sell 100 food |
| 21:37 | [TMDR]Lupo1901 · first_building Archery Range |
| 22:15 | Call The DOCTOR · age_up castle |
| 22:22 | nvm_Rulez · age_up castle |
| 23:40 | nvm_Rulez · first_building Monastery |
| 24:54 | [TMDR]Lupo1901 · first_building Stable |
| 25:43 | Bberko0 · first_market_sell 100 wood |
| 25:44 | [TMDR]Lupo1901 · first_market_buy 100 wood |
| 26:42 | hold up · first_building Castle |
| 27:01 | Mate · first_building Barracks |
| 27:19 | nvm_Rulez · first_building Castle |
| 27:38 | Bberko0 · first_building Stable |
| 28:33 | hold up · first_building Monastery |
| 29:21 | Bberko0 · first_building Castle |
| 30:23 | hold up · first_building Siege Workshop |
| 30:25 | Mate · age_up imperial |
| 31:14 | Mate · first_building Siege Workshop |
| 31:35 | hold up · first_market_sell 100 food |
| 32:20 | nvm_Rulez · age_up imperial |
| 32:24 | Call The DOCTOR · first_building Castle |
| 32:56 | Ali · first_building Stable |
| 33:31 | Mate · first_building Stable |
| 34:47 | Ali · first_building Monastery |
| 34:55 | hold up · age_up imperial |
| 35:05 | Ali · first_building Castle |
| 37:01 | adHoc · first_building Barracks |
| 37:06 | nvm_Rulez · first_building Barracks |
| 37:50 | Bberko0 · age_up imperial |
| 37:57 | [TMDR]Lupo1901 · first_market_sell 100 wood |
| 38:00 | nvm_Rulez · first_building Archery Range |
| 38:31 | nvm_Rulez · first_market_buy 100 stone |
| 39:05 | Call The DOCTOR · age_up imperial |
| 39:36 | adHoc · age_up imperial |
| 40:27 | [TMDR]Lupo1901 · age_up castle |
| 42:46 | Ali · age_up imperial |
| 43:25 | Ali · resign |
| 43:31 | adHoc · wall_segment Stone Wall x6 |
| 44:01 | adHoc · first_market_buy 100 food |
[ AI ANALYSIS · 1 CREDIT ]
What really happened in this match?
Wolo.gg analyzes every decision: build order, eco, micro, common mistakes by bracket. Personalized analysis on WhatsApp or Discord in 30 seconds.
Civ guide
Lithuanians
Perfil
Jugador #17577856